 Dungeon Crawl Stone Soup version 0.30.0-5-g1a98f26d00 (webtiles) character file.

Game seed: 13955426761380074640

483 SnakkuSnakku7 the Cudgeller (level 7, 0/52 HPs)
             Began as a Human Cinder Acolyte on May 13, 2023.
             Was an Elder of Ignis.
             Slain by an iguana (7 damage)
             ... on level 4 of the Dungeon.
             The game lasted 00:04:54 (3713 turns).

SnakkuSnakku7 the Cudgeller (Human Cinder Acolyte)  Turns: 3713, Time: 00:04:54

Health: 0/52       AC: 16    Str: 17    XL:     7   Next: 35%
Magic:  8/8        EV:  9    Int: 14    God:    Ignis [****..]
Gold:   187        SH:  0    Dex:  8    Spells: 8/8 levels left

rFire   + . .        a - +2 whip (elec)
rCold   . . .        (no shield)
rNeg    . . .        n - +0 scale mail
rPois   .            (no helmet)
rElec   .            p - +2 cloak {Will+}
rCorr   .            (no gloves)
SInv    .            (no boots)
Will    +....        (no amulet) Stlth
                     (no ring)
HPRegen 0.28/turn    (no ring)
MPRegen 0.11/turn

%: no passive effects
@: fiery-armoured
A: no striking features
a: Renounce Religion, Fiery Armour, Foxfire Swarm, Rising Flame


You were on level 4 of the Dungeon.
You worshipped Ignis.
Ignis was greatly pleased with you.
You visited 1 branch of the dungeon, and saw 5 of its levels.

You collected 187 gold pieces.

Inventory:

Hand Weapons
 a - a +2 whip of electrocution (weapon)
 c - a +0 flail
 m - a -1 mace of flaming
 A - a +0 morningstar
Missiles
 y - 9 poisoned darts (quivered)
Armour
 b - a +0 robe
 e - a +0 ring mail
 n - a +0 scale mail (worn)
 p - a +2 cloak of willpower (worn)
 x - a +0 leather armour
Wands
 l - a wand of roots (6)
Scrolls
 f - a scroll of enchant weapon {unknown}
 h - a scroll of fog {unknown}
 q - a scroll of vulnerability {unknown}
 r - 7 scrolls of identify {unknown}
 t - 2 scrolls of magic mapping {unknown}
 u - 4 scrolls of teleportation
 z - a scroll of blinking {unknown}
Potions
 d - 2 potions of curing
 g - a potion of might {unknown}
 i - a potion of invisibility {unknown}
 j - 2 potions of flight {unknown}
 k - a potion of brilliance {unknown}
 o - a potion of magic {unknown}
 s - a potion of lignification {unknown}
 v - a potion of heal wounds {unknown}
 w - a potion of experience {unknown}


   Skills:
 - Level 3.0 Fighting
 + Level 7.9 Maces & Flails
 - Level 1.0 Spellcasting
 - Level 3.0 Fire Magic


You had 8 spell levels left.
You didn't know any spells.
Your spell library contained the following spells:

 Spells                   Type           Power      Damage    Failure   Level
 Scorch                   Fire           18%        2d6       38%         2
 Necrotise                Necr           0%         1d4       67%         1
 Shock                    Conj/Air       0%         1d3       67%         1
 Ignite Poison            Fire/Tmut/Pois 3%         N/A       88%         3
 Ozocubu's Armour         Ice            0%         N/A       96%         3
 Vampiric Draining        Necr           0%         2d6       96%         3
 Sticky Flame             Conj/Fire      4%         2d3       99%         4
 Agony                    Necr           0%         N/A       100%        5
 Freezing Cloud           Conj/Ice/Air   0%         6-21      100%        5
 Conjure Ball Lightning   Conj/Air       0%         3x3d6     100%        6
 Ozocubu's Refrigeration  Ice            0%         4d7       100%        7
 Ignition                 Fire           4%         3d4       100%        8


Dungeon Overview and Level Annotations

Branches:
Dungeon (5/15)             Temple (0/1) D:5

Altars:
Vehumet
Zin

Shops:
D:1 [

Annotations:
D:5 Grinder


Message History

The adder barely misses you.
The iguana hisses angrily.
The adder attacks as you move away! The adder bites you.
You are poisoned.
The adder poisons you!
You feel sick.
An iguana comes into view.
You feel sick. The adder bites you but does no damage.
A magic dart appears from out of thin air!
The magic dart hits you. The iguana barely misses you.
The adder attacks as you move away! The adder closely misses you.
You feel sick. The iguana bites you.
There is a stone staircase leading up, spattered with blood here.
You feel sick. The adder barely misses you.
The iguana bites you but does no damage.
The iguana bites you.
* * * LOW HITPOINT WARNING * * *
You climb upwards.
Reactivating autopickup.
You feel sick.
There is a stone staircase leading down here.
Okay, then.
Okay, then.
Okay, then.
A protective cloak of flame settles atop you.
You feel sick.
You are no longer poisoned.
The adder bites you but does no damage.
The adder is burned by your cloak of flames.
You kill the adder!
The iguana bites you but does no damage.
The iguana is burned by your cloak of flames.
The iguana is moderately wounded.
The iguana closely misses you.
Unknown command.
The iguana attacks as you move away! The iguana bites you.
* * * LOW HITPOINT WARNING * * *
The iguana is burned by your cloak of flames.
The iguana is lightly wounded.
The iguana bites you!
You die...

......# #.......###.#
.....<#########.####..##..#
....).................##.########
......#########.#####......#.....
......#### #.# ##............
######...## #.# #.............
##.....## #.# #.............
####.......####.####............>
..............l>@................
####.......####l####.............
))..............)).).............
####.......####.#####............
#.......# #.# #.#.......###
#.......# #.# #.#.......#
##.....## #.#####.#.......#
##...## ##..............##
#########..########.....##


You could see 2 iguanas.

Vanquished Creatures
  2 hounds
  2 orc priests
  A sleepcap (D:4)
  Terence (D:2)
  Natasha (thrice) (D:2)
  2 orc wizards
  9 adders
  A worm (D:3)
  A dart slug (D:4)
  10 orcs
  4 endoplasms
  6 giant cockroaches
  7 goblins
  9 hobgoblins
  9 jackals
  3 kobolds
  5 quokkas (D:4)
  11 ball pythons
  2 bats (D:1)
  7 frilled lizards
  4 rats
99 creatures vanquished.

Vanquished Creatures (others)
  30 foxfires (D:2)
30 creatures vanquished.

Grand Total: 129 creatures vanquished

Notes
Turn   | Place    | Note
-------+----------+-------------------------------------------
     0 | D:1      | SnakkuSnakku7 the Human Cinder Acolyte began the quest for
                  | the Orb.
     0 | D:1      | Reached XP level 1. HP: 18/18 MP: 2/2
    58 | D:1      | Reached XP level 2. HP: 7/24 MP: 3/3
   359 | D:1      | Found a faded altar of an unknown god.
   536 | D:1      | Found Eceqe's Antique Armour Emporium.
   842 | D:2      | Reached skill level 4 in Maces & Flails
   842 | D:2      | Reached XP level 3. HP: 29/29 MP: 4/4
   912 | D:2      | Noticed Natasha
   922 | D:2      | Killed Natasha
   923 | D:2      | Noticed Natasha
   996 | D:1      | Reached XP level 4. HP: 26/35 MP: 5/5
  1083 | D:2      | Killed Natasha
  1084 | D:2      | Reached skill level 5 in Maces & Flails
  1174 | D:2      | Noticed Natasha
  1200 | D:2      | Killed Natasha
  1201 | D:2      | Reached XP level 5. HP: 41/41 MP: 6/6
  1203 | D:2      | Noticed Terence
  1210 | D:2      | HP: 1/41 [Terence/+0 flail (2)]
  1211 | D:2      | Killed Terence
  2427 | D:3      | Reached skill level 6 in Maces & Flails
  2514 | D:3      | Reached XP level 6. HP: 44/47 MP: 7/7
  3017 | D:4      | Reached skill level 7 in Maces & Flails
  3090 | D:4      | Found a radiant altar of Vehumet.
  3209 | D:4      | Reached XP level 7. HP: 40/52 MP: 8/8
  3281 | D:4      | Found a glowing silver altar of Zin.
  3457 | D:5      | Entered Level 5 of the Dungeon
  3571 | D:5      | Found a staircase to the Ecumenical Temple.
  3648 | D:5      | Got the Compilation of Thunder
  3691 | D:5      | Noticed Grinder
  3713 | D:4      | Slain by an iguana

Illustrated notes

Levels and vault maps discovered:
D:1:      minmay_arrival_stone_box, layout_loops_cross, serial_shops,
          nicolae_shop_waterfront, hellmonk_ecumenical_altar_zigzags,
          minivault_24, hangedman_decor_diamond_cutter
D:2:      layout_loops_ring, amethyst_killhole, hangedman_decor_growths,
          chequers_arboretum, grunt_ministairs_1, uniq_natasha, uniq_terence
D:3:      layout_basic, minmay_snake_closets
D:4:      minmay_recursive_quarters, layout_rooms, nicolae_vehumet_altar_sigil,
          kennysheep_mini
D:5:      layout_basic, minmay_temple_entry_gardened_gates, uniq_grinder

Skill      XL: |  1  2  3  4  5  6 |
---------------+-------------------+-----
Maces & Flails | 4 5 6 7 |  7.9
Fighting       | |  3.0
Spellcasting   | |  1.0
Fire Magic     | |  3.0

Action                     |  1- 3 |  4- 6 |  7- 9 || total
---------------------------+-------+-------+-------++-------
  Melee: Mace              |    74 |    22 |       ||    96
         Flail             |       |   137 |       ||   137
         Punch             |       |     2 |     1 ||     3
         Whip              |       |    77 |    63 ||   140
 Invoke: Foxfire Swarm     |       |     2 |       ||     2
         Fiery Armour      |       |       |     1 ||     1
  Evoke: Wand              |       |     1 |       ||     1
    Use: Scroll            |     2 |       |       ||     2
         Potion            |     1 |       |       ||     1
 Armour: Robe              |    14 |       |       ||    14
         Ring mail         |    22 |     6 |       ||    28
         Scale mail        |       |    98 |    45 ||   143
  Dodge: Dodged            |    57 |   113 |    38 ||   208
